Cogmind - Beta 15 @@@ ROGUE MODE // 2025.05.21 @ 13:10:40 Player: Epsilon 11 Result: Destroyed by OJ-QEB(R) with Subdweller Shrapnel Launcher Performance ------------- Evolutions (0) 0 Regions Visited (2) 400 Robots Destroyed (20) 100 Value Destroyed (539) 539 Prototype IDs (0) 0 Alien Tech Used (0) 0 Bonus (-7) -7 TOTAL SCORE: 1032 Bonus ------- Friendly Fire -7 Cogmind --------- Core Integrity 0/250 Matter 290/300 Energy 12/100 System Corruption 0% Temperature Cool (0) Movement Treading (480) Ox4 Location -10/Subcaves Parts ------- > --- POWER (1) -------- (None) > --- PROPULSION (2) --- Light Treads > --- UTILITY (2) ------ Huge Storage Unit > --- WEAPON (2) ------- Spread Laser Spread Laser > --- INVENTORY (25) --- Improved Ion Engine Subdweller Power Source Power Shielding Beam Cannon Heavy Assault Rifle Heavy Assault Rifle EMP Blaster Peak State ------------ > --- POWER ------------ Improved Ion Engine > --- PROPULSION ------- Light Treads Light Treads > --- UTILITY ---------- Small Storage Unit Light Armor Plating > --- WEAPON ----------- Spread Laser Spread Laser > --- INVENTORY -------- Improved Ion Engine Compact Wheel Compact Wheel Heat Sink Power Shielding Beam Cannon Heavy Assault Rifle Heavy Assault Rifle [Rating: 11] Favorites ----------- Power Improved Ion Engine Engine Improved Ion Engine Propulsion Compact Wheel Treads Light Treads Wheel Compact Wheel Utility Small Storage Unit Storage Small Storage Unit Protection Light Armor Plating Weapon Spread Laser Energy Gun Spread Laser Energy Cannon Beam Cannon Build | -11 -10 -10 ------- Run | Yrd Mat Sub Slots Evolved . | . . . Power . | . . . Propulsion . | . . . Utility . | . . . Weapon . | . . . Parts Attached 18 | 6 12 . Power 2 | 1 1 . Engine 2 | 1 1 . Core . | . . . Reactor . | . . . Propulsion 7 | 2 5 . Treads 2 | . 2 . Leg . | . . . Wheel 5 | 2 3 . Hover . | . . . Flight . | . . . Utility 4 | 1 3 . Device . | . . . Storage 2 | 1 1 . Processor . | . . . Hackware . | . . . Protection 2 | . 2 . Artifact . | . . . Weapon 5 | 2 3 . Energy Gun 4 | 2 2 . Energy Cannon 1 | . 1 . Ballistic Gun . | . . . Ballistic Cannon . | . . . Launcher . | . . . Special Weapon . | . . . Impact Weapon . | . . . Slashing Weapon . | . . . Piercing Weapon . | . . . Special Melee Weapon . | . . . Unidentified Prototypes . | . . . Parts Lost 7 | . 2 5 Power 1 | . . 1 Propulsion 5 | . 2 3 Utility 1 | . . 1 Weapon . | . . . Highest Loss Streak 4 | . 1 4 To Critical Strikes . | . . . Average Backups 5 | 1 6 7 Power . | . . 1 Propulsion 2 | 1 2 1 Utility . | . . 1 Weapon 2 | . 2 4 Tool/Special . | . . . Unused Backups 7 | . 2 5 Power 2 | . . 2 Propulsion . | . . . Utility 1 | . 1 . Weapon 4 | . 1 3 Tool/Special . | . . . Average Slot Usage (%) 96 | . 96 93 Engine 13 | . 13 11 Treads 9 | . 10 1 Wheel 16 | . 16 24 Storage 14 | . 14 14 Protection 12 | . 12 12 Energy Gun 24 | . 24 28 Energy Cannon 3 | . 3 . Peak Build Rating 11 | 6 11 11 Average Rating 8 | 4 8 10 On Entrance 5 | . 6 11 Naked Turns . | . . . Heaviest Build 96 | 13 96 96 Greatest Support 40 | 32 40 32 Greatest Overweight (x) 2 | . 2 2 Average Overweight (x) . | . . 2 Largest Inventory Capacity 25 | 8 25 25 Average Capacity 10 | 7 9 25 Most Carried 8 | 3 8 8 Average Carried 6 | 1 6 7 Final Capacity 25 | 8 25 25 Final Carried 8 | 3 8 7 Class Distribution -------------------- 100% | Mutant Dominant Class ---------------- Mutant | -10/Materials Mutant | -10/Subcaves Resources | -11 -10 -10 ----------- Run | Yrd Mat Sub Matter Collected 435 | 222 180 33 Remotely . | . . . Salvage Created 476 | . 424 52 Parts 30 | . 29 1 Haulers Intercepted . | . . . Recyclers Shooed . | . . . Parts Field Recycled . | . . . Retrieved Matter . | . . . Parts Self-Destructed . | . . . Prevented . | . . . Kills | -11 -10 -10 ------- Run | Yrd Mat Sub Combat Hostiles Destroyed 18 | . 15 3 Guns 14 | . 11 3 Cannons 4 | . 4 . Classes Destroyed 5 | . 4 1 Worker 1 | . 1 . Operator 1 | . 1 . Swarmer 6 | . 6 . Grunt 9 | . 9 . Subdweller 3 | . . 3 Best Kill Streak 3 | . 3 2 Combat Bots Only 3 | . 3 2 Max Kills in Single Turn 1 | . 1 1 Gunslinging . | . . . Exploded . | . . . Melee . | . . . Uniques/NPCs Destroyed . | . . . Combat | -11 -10 -10 -------- Run | Yrd Mat Sub Hostile Shots Fired 93 | . 73 20 Missed 20 | . 16 4 Hits 73 | . 57 16 Projectile 73 | . 57 16 AOE 6 | . . 6 Critical Strikes 1 | . 1 . Damage Taken 1117 | . 605 512 Core 253 | . 119 134 Absorbed by Shields . | . . . Redirected to Shielding 9 | . 9 . Regen/Repaired (Parts) 52 | . 52 . Core Remaining (%) 100 | 100 . . Volleys Fired 65 | . 52 13 Largest 2 | . 2 2 Hottest 130 | . 130 130 Shots Fired 128 | . 102 26 Gun 109 | . 83 26 Cannon 19 | . 19 . Launcher . | . . . Special . | . . . Kinetic . | . . . Thermal 128 | . 102 26 Explosive . | . . . Electromagnetic . | . . . Robot Hit Streak 12 | . 11 12 Robot Miss Streak 8 | . 8 6 Penetration Max . | . . . Secondary Targets 1 | . 1 . Max Gunslinging Chain 1 | . 1 . Shots Hit Robots 91 | . 66 25 Core Hits 61 | . 38 23 Critical Kills . | . . . Critical Parts Destroyed . | . . . Critical Strikes 1 | . 1 . Burn 1 | . 1 . Melee Attacks . | . . . Impact . | . . . Slashing . | . . . Piercing . | . . . Sneak Attacks . | . . . Combat Hostiles . | . . . Follow-up Attacks . | . . . Damage Inflicted 1240 | . 840 400 Guns 1041 | . 641 400 Cannons 196 | . 196 . Explosions . | . . . Melee . | . . . Ramming 3 | . 3 . Kinetic . | . . . Thermal 1237 | . 837 400 Explosive . | . . . Electromagnetic . | . . . Impact . | . . . Slashing . | . . . Piercing . | . . . Highest Corruption . | . . . Average Corruption . | . . . Corruption Purged . | . . . Corruption Blocked . | . . . Overload Shots . | . . . Overflow Damage . | . . . Projectiles . | . . . Explosions . | . . . Melee . | . . . Knockbacks . | . . . Impact . | . . . Kinetic . | . . . Secondary . | . . . Self-Inflicted Damage . | . . . Shots . | . . . Rammed 1 | . 1 . Targets Rammed 1 | . 1 . Kicked . | . . . Crushed . | . . . Highest Temperature 386 | . 386 189 Average Temperature 120 | . 128 67 Received Heat Transfer 276 | . 234 42 Effects 3 | . 3 . Shutdowns 1 | . 1 . Energy Bleed 1 | . 1 . Matter Decay 1 | . 1 . Siege Activations . | . . . Martial Activations . | . . . Shielding Activations . | . . . Robots Disrupted . | . . . Combat Hostiles . | . . . Robots Corrupted . | . . . Combat Hostiles . | . . . Parts Fried . | . . . Impact Corruptions . | . . . Robots Melted . | . . . Combat Hostiles . | . . . Parts Melted 4 | . 4 . Heat Transferred 2420 | . 1920 500 Parts Sabotaged . | . . . Parts Stolen . | . . . Parts Stripped . | . . . Power Chain Reactions . | . . . Alert | -11 -10 -10 ------- Run | Yrd Mat Sub Maximum Alert Level . | . . . Low Security (%) 100 | 100 100 . Level 1 . | . . . Level 2 . | . . . Level 3 . | . . . Level 4 . | . . . Level 5 . | . . . High Security . | . . . Max Security . | . . . Peak Influence 111 | . 111 . Initial . | . . . Average 33 | . 34 . Influence Increases 411 | . 411 . Destroy 0b10 Robot/C 300 | . 300 . Destroy 0b10 Robot/NC 10 | . 10 . Destroy Leader 70 | . 70 . Successful Hack 16 | . 16 . Disable Machine 15 | . 15 . Influence Decreases 411 | . 411 . Time Decay 381 | . 381 . Lost Part 10 | . 10 . Purge Threat 20 | . 20 . Squads Dispatched 3 | . 3 . Investigation 2 | . 2 . Extermination . | . . . Reinforcement 1 | . 1 . Assault . | . . . Garrison . | . . . Intercept . | . . . Searches Triggered . | . . . Construction Impeded . | . . . Haulers Reinforced . | . . . Active Scanning Responses . | . . . Cargo Convoy Interrupts . | . . . Stealth | -11 -10 -10 --------- Run | Yrd Mat Sub Distress Signals 1 | . 1 . Communications Jammed . | . . . Distress Signals . | . . . Times Spotted 34 | . 30 4 Peak Tracking Total 3 | . 3 2 Tactical Retreats . | . . . Traps | -11 -10 -10 ------- Run | Yrd Mat Sub Traps Triggered 2 | . 2 . Indirectly . | . . . Trap Hack Attempts . | . . . Triggered . | . . . Disarmed . | . . . Reprogrammed . | . . . Reused . | . . . Traps Extracted . | . . . Installed . | . . . Triggered . | . . . Machines | -11 -10 -10 ---------- Run | Yrd Mat Sub Machines Disabled 1 | . 1 . Max in Single Turn 1 | . 1 . Machines Repaired . | . . . Machines Dismantled . | . . . Machines Sabotaged . | . . . Overloaded Fab Kills . | . . . Hacking | -11 -10 -10 --------- Run | Yrd Mat Sub Machines Accessed 9 | . 9 . Terminals 7 | . 7 . Fabricators . | . . . Repair Stations 1 | . 1 . Recycling Units 1 | . 1 . Scanalyzers . | . . . Garrison Access . | . . . Total Hacks 29 | . 29 . Successful 15 | . 15 . Failed 14 | . 14 . Catastrophic . | . . . Database Lockouts . | . . . Manual 20 | . 20 . Terminals 23 | . 23 . Fabricators . | . . . Repair Stations 2 | . 2 . Recycling Units 4 | . 4 . Scanalyzers . | . . . Garrison Access . | . . . Terminal Hacks 4 | . 4 . Record 1 | . 1 . Robot Analysis 1 | . 1 . Terminal Index 1 | . 1 . Unreport Threat 1 | . 1 . Fabricator Hacks . | . . . Repair Station Hacks 2 | . 2 . Scan Component 1 | . 1 . Repair 1 | . 1 . Recycling Unit Hacks 2 | . 2 . Report Inventory 1 | . 1 . Retrieve Components 1 | . 1 . Scanalyzer . | . . . Garrison Access Hacks . | . . . Unauthorized Hacks 7 | . 7 . Terminals 7 | . 7 . Botnet 1 | . 1 . Operators 1 | . 1 . Skim 5 | . 5 . Fabricators . | . . . Repair Stations . | . . . Recycling Units . | . . . Scanalyzers . | . . . Garrison Access . | . . . Data Cores Recovered 1 | . 1 . Used . | . . . Hacking Detections 9 | . 9 . Full Trace Events . | . . . Feedback Events . | . . . Feedback Blocked . | . . . Robot Schematics Acquired . | . . . Robots Built . | . . . Authchips . | . . . Time . | . . . Total Robot Build Rating . | . . . Part Schematics Acquired . | . . . Parts Built . | . . . Authchips . | . . . Time . | . . . Total Part Build Rating . | . . . Parts Repaired 1 | . 1 . Time 26 | . 26 . Parts Recycled . | . . . Recycled Matter . | . . . Retrieved Matter . | . . . Retrieved Components 10 | . 10 . Parts Scanalyzed . | . . . Part Schematics Acquired . | . . . Parts Damaged . | . . . Bothacking | -11 -10 -10 ------------ Run | Yrd Mat Sub Used RIF Installer . | . . . Robots Hacked . | . . . Non-combat . | . . . Combat . | . . . Robot Hacks Applied . | . . . Relay Couplers Released . | . . . Fabnet Peak Effective % . | . . . Robots Rewired . | . . . Allies Hacked . | . . . Hacks Repelled . | . . . Allies | -11 -10 -10 -------- Run | Yrd Mat Sub Total Allies . | . . . Largest Group . | . . . Highest-Rated Group . | . . . Highest-Rated Ally . | . . . Total Orders . | . . . Ally Attacks . | . . . Total Damage . | . . . Kills . | . . . Allies Corrupted . | . . . Allies Melted . | . . . Intel | -11 -10 -10 ------- Run | Yrd Mat Sub Active Infowar (turns) . | . . . Robot Analysis Total 1 | . 1 . Derelict Logs Recovered . | . . . Drone Launches . | . . . Drone Recoveries . | . . . Exploration | -11 -10 -10 ------------- Run | Yrd Mat Sub Turns Passed 1491 | 56 1335 100 Spaces Moved 959 | 43 871 45 Core 2 | 2 . . Treads 303 | . 303 . Legs . | . . . Wheels 654 | 41 568 45 Hover . | . . . Flight . | . . . Fastest Speed 50 | 50 90 130 Average Speed 121 | 97 121 130 Slowest Speed 160 | 100 160 130 Overloaded Moves . | . . . Propulsion Burnouts . | . . . Robots Hopped . | . . . Potential Cave-ins . | . . . Cave-ins Triggered . | . . . Exploration Rate (%) 35 | 3 97 6 Regions Visited 2 Branch Regions 1 Pre-discovered Areas 1 | . 1 . Known Exits Taken 1 | . 1 . Unknown Exits Taken 1 | 1 . . Scrap Searched . | . . . Spaces Dug . | . . . Terrain Destroyed . | . . . Melee . | . . . Projectile . | . . . AOE . | . . . Terrain Rammed . | . . . Walls Destroyed . | . . . Machines Disabled . | . . . Actions | -11 -10 -10 --------- Run | Yrd Mat Sub Total 1155 | 54 1040 61 Wait 87 | 3 84 . Move 957 | 42 870 45 Hop . | . . . Pick Up 12 | 3 8 1 Fast Attach 13 | 6 7 . Attach 5 | . 3 2 Detach 3 | . 3 . Swap 5 | . 5 . Drop 7 | . 7 . Fire 65 | . 52 13 Melee . | . . . Ram . | . . . Kick . | . . . Crush 1 | . 1 . Escape Stasis . | . . . Rewire . | . . . Trap . | . . . Miscellaneous . | . . . Route ------- -11/Scrapyard -10/Materials (discovered 5 exits: *Mat x3 / [*Min] / *Sub) -10/Subcaves (discovered 2 exits: Mat x2) History --------- Turn | Location | Event 19 | -11/Scrapyard | Discovered new exit (range 15) 57 | -11/Scrapyard | Entered Materials 83 | -10/Materials | Discovered new exit (range 16) 307 | -10/Materials | Build established: Mutant 364 | -10/Materials | Repaired Ion Engine 507 | -10/Materials | Discovered new exit (range 4) 831 | -10/Materials | Discovered new exit (range 12) 900 | -10/Materials | Identified exit to Materials 900 | -10/Materials | Identified exit to Subcaves 990 | -10/Materials | Learned Storage trap positions 998 | -10/Materials | Learned location of 1 exit from Recycling 999 | -10/Materials | Learned 4 Recycling zone layouts 1011 | -10/Materials | Learned Storage emergency access door positions 1392 | -10/Materials | Entered Subcaves 1393 | -10/Subcaves | Approached by a straggling Scientist 1393 | -10/Subcaves | Identified exit to Materials 1395 | -10/Subcaves | Ambushed by Subdwellers from Twisted Machinery 1401 | -10/Subcaves | Core integrity fell below 50% 1484 | -10/Subcaves | Core integrity fell below 20% 1492 | -10/Subcaves | Destroyed by OJ-QEB(R) with Subdweller Shrapnel Launcher Last Messages --------------- Loading 2 Materials entrances... 01395_ 6Y-U5V(R) emerges from the Twisted Machinery. 01396_ B6-H2X(c): "Hey, let me tag along and I can get us both out of this nasty situation. At least I think I can... The group I got separated from was talking about a shortcut back to the UFD." 01404_ 6Y-U5V(R) destroyed. 01408_ Com. Wheel destroyed. 01413_ XZ-6Q3(R) destroyed. 01420_ Subatomizers dissect the Sub. Power Source. 01425_ Acquired 33 matter. 01430_ Subatomizers dissect the Sub. Power Source. 01435_ Acquired Sub. Power Source. B6-H2X(c): "I think it's somewhere northeast of here" 01477_ Imp. Ion Engine destroyed. 01480_ AO-KD1(R) destroyed. 01483_ Com. Wheel destroyed. 01483_ Lgt. Armor Plating destroyed. 01483_ UFD SUBCON Station disabled. 01488_ Com. Wheel destroyed. 01488_ Machine disabled. Map ----- +----------------------------------------------------+ | ?????????????????????????????????????????????????? | | ?????????????????????????????????????????????????? | | ?????????????????????????????????????????????????? | | ?????????????????????????????????????????????????? | | ?????????????????????????????????????????????????? | | ?????????????????????????????????????????????????? | | ?????????????????????????????????????????????????? | | ?????????????????????????????????????????????????? | | ?????????????????????????????????????????????????? | | ?????????????????????????????????????????????????? | | ?????????????????????????????????????????????????? | | ?????????????????????????????????????????????????? | | ?????????????????????????????????????????????????? | | ?????????????????????????????????????????????????? | | ?????????????????????????????????????????????????? | | ?????????????????????????????????????????????????? | | ?????????????????????????????????????????????????? | | ?????????????????????????????????????????????????? | | ?????????????????????###"##????????? ???????????? | | ????????????????????## "#??????## ????????????? | | ???????????????????##; #####? ??????????????? | | ??????????????????##; # #???????????????? | | ??????????????????#; #???????????????? | | ??????????????????#;; ##??????????????? | | ??????????????????# ; ;#??????????????? | | ?????????????????## @ #??????????????????? | | ????????????????#; ;#???????????????? | | ????????????????#; ;#???????????????? | | ????????????????#; #???????????????? | | ????????????????## R ???????????? | | ?????????????????# ## % ???????????? | | ?????????????????## ?# #;; ;# ###???????? | | ?????????????????? ?### #### ;;# # ###????? | | ?????????????????## ??# #?? ### ????? | | ?????????????????# ## ######?# ? #????? | | ?????????????????# ## #??# ## #????? | | ?????????????????## #??# #? ##???? | | ??????????????????##### ## ##?# #?# &%###?? | | ??????????????????????## #### ##?# ""### # #?? | | ???????????????????????###??# ##?# """ #?? | | ???????????????????????????## ##?#"" & ##? | | ??????????????????????????##" #### ## | | ??????????????????????????#"" ## # "# | | ??????????????????????????#" "" # ## ## | | ??????????????????????????# "" ## ### # | | ????????????????????????" """ ###### # #?# | | ???????????????????????# """" "#????### ### | | ???????????????????????#####" ####??????# ###?### | | ???????????????????????????###??????????###??????# | | ?????????????????????????????????????????????????? | +----------------------------------------------------+ Best States ------------- Heat Dissipation 25 Energy Generation 12 Energy Capacity 265 Matter Stores 300 Matter Capacity 300 Sight Range 16 Terrain Scan Density 10 Armor Coverage 150 Power Shielding 33 Evasion (%) 42 Recoil Reduction 2 Item Schematics ----------------- None Robot Schematics ------------------ None Fabricated ------------ Nothing Repaired ---------- Ion Engine | 13% | -10/Materials Alien Tech Used ----------------- None Achievements -------------- None Challenges ------------ None Game ------ Seed TransportStorageCorpse Manual? 0 Play Time 00:14:21 Cumulative 281.4 hours Start 2025.05.21 @ 12:57:13 End 2025.05.21 @ 13:10:40 Sessions 1 Manual Loads 0 Difficulty Rogue Special Mode None Game No. 132 Rogue 89 Adventurer 43 Explorer 0 Win Type - Total 6 Types 4/0/1/0/0/0/0/1/0/0 Lore% 77 Gallery% 70 Achievement% 64 Wizard Run 0 Options --------- Layout 0 ASCII 0 Keyboard 0 Movement Numpad Keybinds 0 Fullscreen 1 Font 24/Smallcaps Map View 76x50 Zoom Use 0% Tactical HUD 1 Map Filters NONE Filters NONE Steam 1 RUN: 8fc9cb7f-5e6d-4d99-9d01-e68e68035047